 Dungeon Crawl Stone Soup version 0.31-a0-214-gb37851dbb3 (webtiles) character file.

Game seed: 12631942623850801897

11 holysushi the Cutter (level 2, 24/24 HPs)
             Began as a Demonspawn Monk on July 1, 2023.
             Quit the game on level 1 of the Dungeon.
             The game lasted 00:00:23 (348 turns).

holysushi the Cutter (Demonspawn Monk)               Turns: 348, Time: 00:00:23

Health: 24/24      AC:  2    Str: 11    XL:     2   Next: 17%
Magic:  2/2        EV: 12    Int: 11    God:
Gold:   19         SH:  0    Dex: 15    Spells: 1/1 levels left

rFire   . . .        a - +0 short sword
rCold   . . .        d - orb {light}
rNeg    . . .        b - +0 robe
rPois   .            (no helmet)
rElec   .            (no cloak)
rCorr   .            (no gloves)
SInv    .            (no boots)
Will    .....        (no amulet)
Stlth   +            (no ring)
HPRegen 0.24/turn    (no ring)
MPRegen 0.16/turn

%: no passive effects
@: glowing
A: magic regeneration
a: no special abilities


You were on level 1 of the Dungeon.
You visited 1 branch of the dungeon, and saw 1 of its levels.

You collected 19 gold pieces.

Inventory:

Hand Weapons
 a - a +0 short sword (weapon)
Armour
 b - a +0 robe (worn)
 d - an orb of light (worn)
Scrolls
 e - 3 scrolls of identify {unknown}
 f - a scroll of amnesia {unknown}
Potions
 c - a potion of ambrosia
 g - a potion of curing {unknown}
 h - a potion of enlightenment {unknown}
 i - a potion of mutation {unknown}


   Skills:
 - Level 3.0 Fighting
 + Level 3.3 Short Blades
 - Level 2.6 Dodging


You had one spell level left.
You didn't know any spells.
Your spell library was empty.

Dungeon Overview and Level Annotations

Branches:
Dungeon (1/15) Zot: 5655

Altars:


Innate Abilities, Weirdness & Mutations

You regenerate magic rapidly.


Message History

You kill the rat!
You have reached level 2!
Your demonic ancestry asserts itself...
Your magic begins to regenerate rapidly.
A bat comes into view.
Found a bubbling white potion and a flail.
Found a fuming dark potion and a scroll labelled MARHADGHENT.
The ball python bites you but does no damage.
The ball python grabs you. The ball python constricts you.
You hit the ball python.
You kill the ball python!
The bat hits you but does no damage.
You hit the bat but do no damage. The bat closely misses you.
A bat comes into view.
The bat closely misses you. The bat hits you but does no damage.
The bat hits you.
You barely miss the bat. The bat hits you but does no damage. The bat hits you.
You hit the bat.
The bat is severely wounded.
The bat hits you but does no damage. x2
You hit the bat.
You kill the bat!
The bat closely misses you.
You hit the bat.
The bat is heavily wounded.
The bat hits you.
You closely miss the bat.
The bat is heavily wounded.
The bat hits you but does no damage.
You hit the bat.
You kill the bat!
No target in view!
No target in view!
e - 2 scrolls labelled MARHADGHENT (gained 1)
You start resting.
HP restored.
h - a bubbling white potion
i - a fuming dark potion
e - 3 scrolls labelled MARHADGHENT (gained 1) Are you sure you want to abandon this character and quit the game? (Confirm with "yes".)

#................
#.....†........#>
#..............#
#..............#
#..............#
#..............
#..............
#.........)....
#...@..........
#..............
#..............
###############


There were no monsters in sight!

Vanquished Creatures
  An endoplasm (D:1)
  A giant cockroach (D:1)
  2 kobolds (D:1)
  3 ball pythons (D:1)
  2 bats (D:1)
  A frilled lizard (D:1)
  A goblin (D:1)
  A rat (D:1)
12 creatures vanquished.

Notes
Turn   | Place    | Note
-------+----------+-------------------------------------------
     0 | D:1      | holysushi the Demonspawn Monk began the quest for the Orb.
     0 | D:1      | Reached XP level 1. HP: 18/18 MP: 1/1
   301 | D:1      | Gained mutation: You regenerate magic rapidly. [demonic
                  | ancestry]
   301 | D:1      | Reached XP level 2. HP: 19/24 MP: 2/2
   348 | D:1      | Quit the game

Illustrated notes

Levels and vault maps discovered:
D:1:      lightli_arrival_windingriver, layout_basic,
          shapermc_ecumenical_altar_mp_urbaneastern

Skill      XL: |  1 |
---------------+----+-----
Short Blades   | 3 |  3.3
Fighting       | |  3.0
Dodging        | |  2.6

Action                     || total
---------------------------++-------
  Melee: Short sword       ||    33
 Armour: Robe              ||    16
  Dodge: Dodged            ||    26

Table legend: (Time is in decaauts)
 A = Elapsed time spent in this place.
 B = Non-inter-level travel time spent in this place.
 C = Inter-level travel time spent in this place.
 D = Time resting spent in this place.
 E = Time spent auto-exploring this place.
 F = Levels seen in this place.
 G = Mean time per level.
                   A        B        C        D        E       F      G
               +--------+--------+--------+--------+--------+-----+--------+
         Total |    344 |    344 |      0 |     58 |    196 |   1 |  344.0 |
       Dungeon |    344 |    344 |      0 |     58 |    196 |   1 |  344.0 |
               +--------+--------+--------+--------+--------+-----+--------+

Top non-repeatable levels by time:
     D:1: 344 daAuts
